 Dungeon Crawl Stone Soup version 0.20.0-8-g6b59dc7 (webtiles) character file.

102517 kidcy the Fencer (level 15, -5/216 HPs)
             Began as a Minotaur Berserker on June 1, 2017.
             Was the Champion of Trog.
             Slain by a freezing wraith (10 damage)
             ... summoned by a boggart
             ... on level 15 of the Dungeon on June 3, 2017.
             The game lasted 01:06:17 (25156 turns).

kidcy the Fencer (Minotaur Berserker)              Turns: 25156, Time: 01:06:18

Health: -5/216     AC: 27    Str: 26 (27) XL:     15   Next: 86%
Magic:  4/4        EV:  2    Int:  8 (10) God:    Trog [******]
Gold:   880        SH:  0    Dex: 15 (18) Spells: 14/14 levels left

rFire    + . .     SeeInvis .   Q - +2 triple sword (antimagic)
rCold    + . .     Gourm    .   (shield currently unavailable)
rNeg     + + +     Faith    .   (armour currently unavailable)
rPois    +         Spirit   .   (helmet currently unavailable)
rElec    .         Reflect  +   (cloak currently unavailable)
rCorr    .         Harm     .   (gloves currently unavailable)
MR       +....     NoTele   +   (boots currently unavailable)
Stlth    ++........             L - +6 amulet of reflection
Regen    0.5/turn               i - ring "Necuwaot" {rF+ rC+ Int+3}
MPRegen  0.1/turn               O - +6 ring of evasion

@: confused, mighty, agile, tree-form, berserk cooldown, very slightly
contaminated, hasted and slowed, drained
A: (retaliatory headbutt)
a: Berserk, Trog's Hand, Brothers in Arms, Burn Spellbooks, Renounce Religion


You were on level 15 of the Dungeon.
You worshipped Trog.
Trog was exalted by your worship.
You were hungry.
You were a tree.
You visited 3 branches of the dungeon, and saw 23 of its levels.
You visited the Abyss 1 time.
You also visited: Volcano.

You collected 2128 gold pieces.
You spent 1248 gold pieces at shops.

Inventory:

Hand Weapons
 e - a +2 triple sword of holy wrath
 h - the +11 plutonium sword {*Contam Stlth-}
   (You acquired it on level 15 of the Dungeon)

   It causes magical contamination when unequipped.
   It makes you less stealthy.
 A - a +2 great sword of holy wrath
 Q - a +2 antimagic triple sword (weapon)
 X - a +3 great sword of flaming
Missiles
 g - a throwing net (quivered)
Armour
 t - a +0 pair of boots (melded)
 y - a scarf of repulsion
 F - a +1 chain mail of magic resistance (melded)
 U - a scarf of resistance (melded)
 Y - a +2 pair of gloves (melded)
Jewellery
 i - the ring "Necuwaot" (left branch) {rF+ rC+ Int+3}
   (You found it on level 3 of the Lair of Beasts)

   [ring of protection from cold]

   It affects your intelligence (+3).
   It protects you from fire.
   It protects you from cold.
 n - an uncursed ring of resist corrosion
 q - an uncursed ring of protection from magic
 L - a +6 amulet of reflection (around neck)
 O - a +6 ring of evasion (right branch)
Wands
 B - a wand of random effects (33/48)
 G - a wand of digging (8/24)
 V - a wand of clouds (1/9)
Scrolls
 c - 2 scrolls of fog
 f - a scroll of immolation
 j - 10 scrolls of teleportation
 u - 2 scrolls of fear
 z - 3 scrolls of magic mapping
 C - 6 scrolls of remove curse
 E - 2 scrolls of enchant weapon
 I - 4 scrolls of enchant armour
 K - a scroll of blinking
 M - 3 scrolls of recharging
Potions
 a - 5 potions of berserk rage
 b - 9 potions of mutation
 d - 3 potions of brilliance
 k - a potion of flight
 o - 2 potions of magic
 p - 6 potions of cancellation
 r - 3 potions of lignification
 s - 2 potions of haste
 w - 4 potions of might
 x - 2 potions of resistance
Books
 N - a book of Conjurations

   Spells                             Type                      Level
   a - Magic Dart                     Conjuration                  1
   b - Searing Ray                    Conjuration                  2
   c - Dazzling Spray                 Conjuration/Hexes            3
   d - Fulminant Prism                Conjuration/Hexes            4
   e - Force Lance                    Conjuration/Translocation    4
   f - Iskenderun's Mystic Blast      Conjuration                  4
   Trog disapproves of the use of such an item.
Comestibles
 l - 36 fruits
 m - 6 royal jellies
 H - a meat ration
 W - 9 bread rations


   Skills:
 + Level 16.2(15.3) Fighting
 * Level 20.8(19.8) Long Blades
 + Level 16.1(15.2) Armour
 - Level 10.5(9.7) Dodging


You had 14 spell levels left.
You didn't know any spells.

Dungeon Overview and Level Annotations

Branches:
Dungeon (15/15)            Temple (0/1) D:5            Lair (6/6) D:9
  Swamp (0/4) Lair:3        Snake (0/4) Lair:2        Slime (0/5) Lair:5
    Orc (2/2) D:9             Elf (0/3) Orc:2        Vaults (0/5) D:14
 Depths: D:15

Altars:
Dithmenos
Elyvilon
Fedhas
Gozag
Makhleb
Sif Muna
Uskayaw
Xom
Yredelemnul
The Shining One
Beogh

Shops:
Orc:2 =(=*

Portals:
Trove: D:10 (give +7 demon trident)

Annotations:
Lair:3 exclusion: oklob plant
Lair:5 exclusion: oklob plant


Innate Abilities, Weirdness & Mutations

((You reflexively headbutt those who attack you in melee.))
((You have a pair of horns on your head.))


Message History

* * * LOW HITPOINT WARNING * * *
The freezing wraith drains your vigour!
You feel as though you will be slow longer.
The cyan ugly thing basks in the mutagenic energy from its kin and changes!
The white ugly thing headbutts you but does no damage.
The deep elf mage mumbles some strange words.
The deep elf mage blinks!
The boggart casts a spell.
The boggart flickers and vanishes!
Deactivating autopickup; reactivate with Ctrl-A.
The rakshasa hits you from afar with a trident.
* * * LOW HITPOINT WARNING * * *
You hit the white ugly thing.
The white ugly thing is lightly wounded.
The rime drake changes into an ice beast!
The boggart mumbles some strange words.
The freezing wraith hits you!
* * * LOW HITPOINT WARNING * * *
The freezing wraith freezes you! You resist.
You die...

...)..###..(#####################
....### ###..).."................
..### ##.#################### †.#
#.#####......# ..#
#....##......######## ..#
####................. ..#
##Y9##.u######...#### .(#
###poec##u# #...# ..#


#GWZe{RW♣u# #...# ..# .o#ogY{#### #...# ..# ##DY# #...# ..# ### #...##
..######## #....# .......... #....# .########### ##...# ...........#
.#######...# ##########.# .......'...# You could see a death knight, 3 ugly
things, a rakshasa, a phantasmal warrior, a yaktaur shaped shifter, a freezing
wraith, 2 deep elf magi, an orc warrior, an acid dragon, a gargoyle, 2 ice
beasts, an ice beast shaped shifter, a boggart, a floating eye shaped shifter, 2
orcs and a centaur warrior skeleton.

Vanquished Creatures
  Rupert (Lair:3)
  Kirke (D:13)
  An orc warlord (Orc:2)
  The ghost of poirepourri the Earth Mage, a journeyman GrEE of Vehumet (Lair:6)
  A dire elephant (Lair:6)
  The ghost of Fingolfin the Carver, a journeyman MiBe of Trog (Lair:2)
  An ogre mage (Volcano)
  2 vault guards (D:14)
  3 hydras
  An ice dragon (Lair:6)
  A catoblepas (Lair:6)
  5 centaur warriors
  12 two-headed ogres
  6 death yaks
  4 orc high priests (Orc:2)
  A deep troll shaman (Lair:6)
  A tengu warrior (D:12)
  A hell knight (Volcano)
  An unseen horror (D:15)
  2 wizards (D:15)
  5 orc knights
  Pikel (D:6)
  6 orc sorcerers
  A manticore (D:12)
  4 cyclopes
  A worldbinder (D:15)
  9 ugly things
  26 elephants
  2 centaur zombies
  A torpor snail (Lair:1)
  3 black mambas
  2 rime drakes (Lair:5)
  10 spiny frogs
  A kobold demonologist (D:15)
  7 komodo dragons
  2 ancient zymes (Abyss:3)
  2 polar bears (D:14)
  2 ice devils (Lair:3)
  A tengu conjurer (D:14)
  5 trolls
  3 raiju (Abyss:3)
  Grinder (D:3)
  2 large abominations (Abyss:3)
  14 slime creatures
  3 blink frogs (Lair:4)
  10 hippogriffs
  10 dream sheep
  A centaur simulacrum (D:14)
  A meliai zombie (D:15)
  3 shadows
  The ghost of Stendarr the Conjurer, an amateur TeAE (D:5)
  A ynoxinul (Abyss:3)
  39 yaks
  2 wraiths
  A wyvern (D:8)
  2 hungry ghosts
  2 basilisks
  A steam dragon (Lair:5)
  2 hogs (D:13)
  9 vampire mosquitoes
  4 acid dragons
  2 chaos spawn (Abyss:3)
  Menkaure (D:5)
  2 soldier ants
  5 wargs
  22 water moccasins
  13 porcupines
  5 black bears
  3 phantoms
  3 slaves (D:6)
  9 ice beasts
  31 orc warriors
  9 wolves
  5 sky beasts
  An eye of draining (D:13)
  A hornet zombie (D:15)
  A necrophage (D:10)
  14 ogres
  16 centaurs
  22 crocodiles
  2 big kobolds
  13 bullfrogs
  A wyvern zombie (D:13)
  7 scorpions
  4 killer bees (D:10)
  A snapping turtle simulacrum (Abyss:3)
  4 howler monkeys
  An electric eel (Lair:5)
  6 crimson imps
  A bullfrog zombie (D:11)
  A quasit (D:9)
  7 hounds
  4 bullfrog skeletons
  10 centaur skeletons
  19 orc priests
  5 jellies
  An iron imp (Abyss:3)
  24 orc wizards
  4 iguanas
  Natasha (thrice) (D:3)
  19 worker ants
  2 hound zombies (D:7)
  A hound skeleton (D:4)
  2 worker ant zombies
  3 gnolls (D:5)
  25 adders
  4 shadow imps
  3 white imps (Lair:6)
  2 oozes
  4 adder skeletons
  A worm (D:1)
  A dart slug (D:3)
  4 leopard geckos
  76 orcs
  11 giant cockroaches
  11 hobgoblins
  8 jackals
  2 quokkas
  3 ball pythons
  7 bats
  10 frilled lizards
  A giant cockroach zombie (D:5)
  7 goblins
  A jackal skeleton (D:5)
  14 kobolds
  10 rats
  A plant (D:12)
766 creatures vanquished.

Vanquished Creatures (collateral kills)
  2 vault guards (D:14)
  A deep elf mage (D:14)
3 creatures vanquished.

Vanquished Creatures (others)
  An unseen horror (D:15)
  A manticore (D:14)
  5 orcs
  6 fungi
  10 plants
23 creatures vanquished.

Grand Total: 792 creatures vanquished

Notes
Turn   | Place    | Note
-------+----------+-------------------------------------------
     0 | D:1      | kidcy the Minotaur Berserker began the quest for the Orb.
     0 | D:1      | Reached XP level 1. HP: 19/19 MP: 0/0
   224 | D:1      | Reached XP level 2. HP: 25/27 MP: 1/1
   461 | D:1      | Reached skill level 4 in Long Blades
   728 | D:1      | Reached XP level 3. HP: 33/33 MP: 2/2
  1408 | D:2      | Reached ** piety under Trog
  1434 | D:2      | Reached XP level 4. HP: 36/40 MP: 3/3
  2015 | D:3      | Noticed Natasha
  2020 | D:3      | Killed Natasha
  2020 | D:3      | Reached skill level 5 in Long Blades
  2139 | D:3      | Reached XP level 5. HP: 47/47 MP: 4/4
  2208 | D:3      | Noticed Natasha
  2215 | D:3      | Killed Natasha
  2243 | D:3      | Noticed Natasha
  2252 | D:3      | Killed Natasha
  2304 | D:3      | Found a blossoming altar of Fedhas.
  2380 | D:3      | Noticed an ogre
  2395 | D:3      | Killed an ogre
  2395 | D:3      | Reached XP level 6. HP: 10/55 MP: 5/5
  2396 | D:3      | Noticed Grinder
  2404 | D:4      | HP: 1/55 [orc wizard/magic dart (10)]
  2716 | D:3      | Reached *** piety under Trog
  2756 | D:3      | Reached skill level 6 in Long Blades
  2782 | D:3      | Killed Grinder
  2782 | D:3      | Reached skill level 5 in Fighting
  2782 | D:3      | Reached XP level 7. HP: 45/61 MP: 6/6
  3300 | D:4      | Reached skill level 7 in Long Blades
  3309 | D:4      | Found a basalt altar of Yredelemnul.
  3586 | D:4      | Reached skill level 5 in Armour
  3617 | D:4      | Reached skill level 5 in Dodging
  3660 | D:5      | Entered Level 5 of the Dungeon
  3671 | D:5      | Found a staircase to the Ecumenical Temple.
  3785 | D:5      | Noticed Menkaure
  3790 | D:5      | Killed Menkaure
  3790 | D:5      | Reached XP level 8. HP: 25/70 MP: 7/7
  4048 | D:5      | Reached skill level 8 in Long Blades
  4105 | D:5      | Reached **** piety under Trog
  4209 | D:5      | Found a glowing golden altar of the Shining One.
  4212 | D:5      | Reached skill level 9 in Long Blades
  4464 | D:5      | Noticed Stendarr's ghost (amateur TeAE)
  4507 | D:5      | Killed Stendarr's ghost
  4525 | D:5      | Reached XP level 9. HP: 45/79 MP: 8/8
  5151 | D:6      | Reached ***** piety under Trog
  5180 | D:6      | Reached skill level 10 in Long Blades
  5190 | D:6      | Found a shimmering altar of Xom.
  5257 | D:6      | Noticed Pikel
  5273 | D:6      | Killed Pikel
  5471 | D:6      | Found a hide-covered altar of Uskayaw.
  5472 | D:6      | Noticed a hand axe
  5473 | D:6      | Noticed a hand axe
  5699 | D:7      | Reached skill level 11 in Long Blades
  5990 | D:7      | Reached XP level 10. HP: 89/90 MP: 9/9
  6184 | D:8      | Found a burning altar of Makhleb.
  6184 | D:8      | Found a basalt altar of Yredelemnul.
  6214 | D:8      | Found a white marble altar of Elyvilon.
  6253 | D:8      | Received a gift from Trog
  6967 | D:9      | Noticed a two-headed ogre
  6977 | D:9      | Killed a two-headed ogre
  7034 | D:9      | Reached skill level 12 in Long Blades
  7037 | D:9      | Found a staircase to the Orcish Mines.
  7308 | D:9      | Noticed a two-headed ogre
  7319 | D:9      | Noticed a two-headed ogre
  7326 | D:9      | Killed a two-headed ogre
  7345 | D:9      | Killed a two-headed ogre
  7577 | D:9      | Reached XP level 11. HP: 84/99 MP: 10/10
  7640 | D:9      | Found a deep blue altar of Sif Muna.
  7674 | D:9      | Reached skill level 13 in Long Blades
  7687 | D:9      | Reached skill level 10 in Fighting
  8013 | D:9      | Found a staircase to the Lair.
  8214 | D:10     | Entered Level 10 of the Dungeon
  8853 | D:10     | Found a portal to a secret trove of treasure.
  8994 | D:10     | Reached skill level 10 in Armour
  9719 | D:11     | Found a shadowy altar of Dithmenos.
  9722 | D:11     | Noticed a two-headed ogre
  9728 | D:11     | Killed a two-headed ogre
  9728 | D:11     | Reached skill level 14 in Long Blades
 10042 | D:12     | Noticed a two-headed ogre
 10063 | D:12     | Killed a two-headed ogre
 10289 | D:12     | Reached XP level 12. HP: 106/110 MP: 11/11
 10830 | D:12     | Found a shimmering altar of Xom.
 10842 | D:12     | Reached skill level 15 in Long Blades
 11345 | Lair:1   | Entered Level 1 of the Lair of Beasts
 11449 | Lair:1   | HP: 5/111 [yak[a torpor snail] (9)]
 13094 | Lair:2   | Found a staircase to the Snake Pit.
 13110 | Lair:2   | Reached skill level 16 in Long Blades
 13319 | Lair:2   | Found an opulent altar of Gozag.
 13469 | Lair:2   | Noticed Fingolfin's ghost (journeyman MiBe)
 13482 | Lair:2   | Killed Fingolfin's ghost
 13878 | Lair:3   | Reached skill level 10 in Dodging
 13914 | Lair:3   | Reached XP level 13. HP: 36/119 MP: 12/12
 14109 | Lair:3   | Found a dark tunnel.
 14116 | Volcano  | Entered a volcano
 14718 | Lair:3   | Noticed Rupert
 14723 | Lair:3   | Paralysed by Rupert for 5 turns
 15012 | Lair:3   | Got a vibrating iron ring
 15067 | Lair:3   | Found a shimmering altar of Xom.
 15222 | Lair:3   | Found a staircase to the Swamp.
 15273 | Lair:3   | Reached ****** piety under Trog
 15519 | Lair:3   | Killed Rupert
 15769 | Lair:4   | Reached skill level 17 in Long Blades
 15851 | Lair:4   | Received a gift from Trog
 15861 | Lair:4   | Identified the ring "Necuwaot" {rF+ rC+ Int+3} (You found it on level 3 of the Lair of Beasts)
 17218 | Lair:5   | Reached XP level 14. HP: 124/132 MP: 13/13
 17317 | Lair:5   | Found a staircase to the Slime Pits.
 17495 | Lair:6   | Entered Level 6 of the Lair of Beasts
 17507 | Lair:6   | Noticed poirepourri's ghost (journeyman GrEE)
 17532 | Lair:6   | Killed poirepourri's ghost
 17689 | Lair:6   | Reached skill level 18 in Long Blades
 18195 | Lair:6   | Received a gift from Trog
 18501 | Lair:6   | Received a gift from Trog
 19733 | Orc:1    | Entered Level 1 of the Orcish Mines
 19827 | Orc:2    | Entered Level 2 of the Orcish Mines
 19977 | Orc:2    | Found a staircase to the Elven Halls.
 20131 | Orc:2    | Reached skill level 19 in Long Blades
 20160 | Orc:2    | Reached skill level 15 in Fighting
 20266 | Orc:2    | Noticed an orc warlord
 20285 | Orc:2    | Killed an orc warlord
 20781 | Orc:2    | Received a gift from Trog
 20791 | Orc:2    | Reached skill level 15 in Armour
 21144 | Orc:2    | Found Ytzeic Ashra's Jewellery Boutique.
 21144 | Orc:2    | Found Fyfoklad's Assorted Antiques.
 21150 | Orc:2    | Reached XP level 15. HP: 79/141 MP: 9/14
 21190 | Orc:2    | Found Igudis's Jewellery Emporium.
 21190 | Orc:2    | Found Nidaqusa's Weapon Boutique.
 21205 | Orc:2    | Bought a +6 ring of evasion for 1248 gold pieces
 22571 | D:13     | Noticed Kirke
 22577 | D:13     | Killed Kirke
 22727 | D:13     | Found a roughly hewn altar of Beogh.
 22760 | D:13     | Received a gift from Trog
 23293 | D:14     | Reached skill level 20 in Long Blades
 23625 | D:14     | Found a gate to the Vaults.
 23774 | D:15     | Entered Level 15 of the Dungeon
 23845 | D:15     | Received a gift from Trog
 24437 | D:15     | Identified a scroll of acquirement
 24466 | D:15     | Cast into level 3 of the Abyss (a wizard)
 24570 | Abyss:3  | Noticed a bone dragon
 24666 | Abyss:3  | Noticed a tentacled starspawn
 24699 | D:15     | Escaped the Abyss
 25152 | D:15     | HP: 5/144 [white ugly thing[a boggart] (11)]
 25156 | D:15     | Slain by a freezing wraith

Skill      XL: |  1  2  3  4  5  6  7  8  9 10 11 12 13 14 15 |
---------------+----------------------------------------------+-----
Long Blades    | 4 5 6 7 9 11 12 14 16 17 19 20 | 20.8
Fighting       | 4 5 6 7 8 9 11 12 14 15 16 | 16.2
Armour         | 3 4 5 6 7 9 10 12 13 15 16 | 16.1
Dodging        | 3 4 5 6 7 8 9 10 | 10.5

Action                   |  1- 3 |  4- 6 |  7- 9 | 10-12 | 13-15 || total
-------------------------+-------+-------+-------+-------+-------++-------
Melee: Falchion          |    80 |   120 |    48 |       |       ||   248
       Headbutt          |    15 |    10 |    88 |   209 |   283 ||   605
       Long sword        |       |       |   315 |   741 |    31 ||  1087
       Great sword       |       |       |       |       |   576 ||   576
       Triple sword      |       |       |       |       |   498 ||   498
Invok: Berserk           |     2 |     5 |     5 |    14 |    17 ||    43
       Trog's Hand       |       |     2 |     1 |     7 |    17 ||    27
       Burn Spellbooks   |       |       |     3 |     1 |       ||     4
       Brothers in Arms  |       |       |       |       |     1 ||     1
Evoke: Wand              |       |       |       |       |     1 ||     1
  Use: Scroll            |       |    15 |     5 |    10 |    14 ||    44
       Potion            |       |     1 |       |     2 |    13 ||    16
 Stab: Sleeping          |       |     1 |       |       |       ||     1
       Distracted        |       |       |       |       |     1 ||     1
       Confused          |       |       |       |       |     2 ||     2
  Eat: Chunk             |     3 |     4 |     8 |    19 |    23 ||    57
       Bread ration      |       |     1 |     2 |     1 |       ||     4
       Meat ration       |       |       |       |     4 |     7 ||    11
Armor: Animal skin       |     7 |     8 |       |       |       ||    15
       Scale mail        |       |    64 |   123 |   148 |       ||   335
       Plate armour      |       |       |       |    61 |     7 ||    68
       Chain mail        |       |       |       |       |   452 ||   452
       Skin              |       |       |       |       |     8 ||     8
Dodge: Dodged            |    72 |   101 |   181 |   433 |   756 ||  1543
Block: Other             |       |       |       |   110 |   257 ||   367
       Reflection        |       |       |       |     6 |    10 ||    16
       Rpst.: Falchion   |    13 |    27 |     7 |       |       ||    47
       Long sword        |       |       |    55 |   103 |       ||   158
       Great sword       |       |       |       |       |    53 ||    53
       Triple sword      |       |       |       |       |    83 ||    83
